 Dungeon Crawl Stone Soup version 0.17-a0-1430-g49fde19 (console) character file.

6550 Monkaria the Severer (level 11, -5/86 HPs)
             Began as a Hill Orc Chaos Knight on June 25, 2015.
             Slain by a hill giant
             ... wielding a +0 giant spiked club
              (21 damage)
             ... on level 10 of the Dungeon.
             The game lasted 00:38:23 (10512 turns).

Monkaria the Severer (Hill Orc Chaos Knight)       Turns: 10512, Time: 00:38:23

Health: -5/86      AC: 13    Str: 19    XL:     11   Next: 1%
Magic:  0/11       EV: 10    Int: 12    God:    Xom [......]
Gold:   597        SH:  0    Dex: 10    Spells: 0 memorised, 10 levels left

rFire  . . .     SeeInvis .     R - +0 war axe
rCold  . . .     Clarity  .     C - +4 ring mail
rNeg   . . .     SustAt   .     (no shield)
rPois  +         Gourm    .     j - +0 helmet
rElec  .         Spirit   +     (no cloak)
rCorr  .         Warding  .     (no gloves)
rMut   .         Stasis   .     I - +0 pair of boots
MR     .....                    Q - amulet of guardian spirit
Stlth  ..........               (no ring)
                                k - ring of poison resistance

@: not resistant to hostile enchantments, extremely unstealthy
A: no striking features
a: Renounce Religion


You were on level 10 of the Dungeon.
You worshipped Xom.
You were a very special plaything of Xom.
You were not hungry.

You visited 2 branches of the dungeon, and saw 11 of its levels.
You also visited: Ossuary.

You collected 694 gold pieces.
You spent 97 gold pieces at shops.

Inventory:

Hand weapons
 a - a +0 hand axe of chaos
 t - the +9 trident of Pybeil {venom, rPois Stlth+}
   (You took it off an orc on level 6 of the Dungeon)

   It poisons the flesh of those it strikes.
   It protects you from poison.
   It makes you more stealthy.
 J - a +0 blowgun
 R - a +0 war axe (weapon)
Missiles
 l - 2 curare-tipped needles
 z - 34 poisoned needles
 E - 4 tomahawks (quivered)
 T - 3 needles of confusion
Armour
 j - a +0 helmet (worn)
 C - a +4 ring mail (worn)
 I - a +0 pair of boots (worn)
Jewellery
 k - a ring of poison resistance (left hand)
 p - an uncursed amulet of stasis
 v - an uncursed ring of magical power
 A - an uncursed ring of positive energy
 N - an uncursed amulet of resist mutation
 Q - an amulet of guardian spirit (around neck)
 U - the ring "Pyosugh" {*Corrode rPois Str-4 Dex+9}
   (Xom gifted it to you on level 5 of the Dungeon)

   [ring of strength]

   It affects your strength (-4).
   It affects your dexterity (+9).
   It protects you from poison.
   It may corrode your equipment when you take damage.
Magical devices
 b - a wand of confusion (22)
 O - a wand of digging (9)
 W - a wand of frost (25)
Scrolls
 h - 12 scrolls of remove curse
 m - a scroll of enchant armour
 s - a scroll of enchant weapon {unknown}
 w - a scroll of blinking
 y - 3 scrolls of magic mapping {unknown}
 D - 3 scrolls of amnesia
 H - a scroll of recharging {unknown}
 P - a scroll of random uselessness {unknown}
 S - a scroll of fear {unknown}
Potions
 d - 2 potions of brilliance
 e - 2 potions of invisibility
 i - a potion of might
 o - 2 potions of ambrosia
 q - 2 potions of heal wounds
 r - 11 potions of curing
 u - a potion of flight
 x - a potion of haste {unknown}
 B - 2 potions of lignification {unknown}
 F - 3 potions of cancellation {unknown}
 G - 2 potions of poison {unknown}
 L - a potion of degeneration {unknown}
 V - a potion of agility {unknown}
 Y - a potion of magic {unknown}
Books
 K - a book of Debilitation

   Spells                             Type                      Level
   a - Corona                         Hexes                        1
   b - Slow                           Hexes                        2
   c - Gell's Gravitas                Hexes/Translocation          3
   d - Inner Flame                    Hexes/Fire                   3
   e - Cause Fear                     Hexes                        4
   f - Leda's Liquefaction            Hexes/Earth                  4
 X - a book of Air

   Spells                             Type                      Level
   a - Shock                          Conjuration/Air              1
   b - Swiftness                      Charms/Air                   2
   c - Repel Missiles                 Charms/Air                   2
   d - Static Discharge               Conjuration/Air              3
   e - Lightning Bolt                 Conjuration/Air              5
Miscellaneous
 Z - a box of beasts
Comestibles
 c - 7 bread rations
 f - 2 meat rations
 g - 6 chunks of flesh
 n - a royal jelly
 M - a slice of pizza


   Skills:
 - Level 5.0 Fighting
 - Level 17.3 Axes
 + Level 8.8 Armour
 - Level 0.7 Dodging


You had 10 spell levels left.
You didn't know any spells.

Dungeon Overview and Level Annotations

Branches:
Dungeon (10/15)            Temple (1/1) D:4            Lair (0/8) D:8
    Orc: D:9-12

Altars:
Ashenzari
Cheibriados
Dithmenos
Elyvilon
Fedhas
Gozag
Kikubaaqudgha
Makhleb
Nemelex Xobeh
Okawaru
Qazlal
Ru
Sif Muna
Trog
Vehumet
Xom
Yredelemnul
Zin
The Shining One

Shops:
D:6 *   D:7 %


Message History

Okay, then.
Drink which item? (? for menu, Esc to quit)
You feel much better.
The hill giant hits you but does no damage.
The orc hits you but does no damage.
The hill giant hits you with a giant spiked club!!
* * * LOW HITPOINT WARNING * * *
Drink which item? (? for menu, Esc to quit)
You feel much better.
The hill giant hits you with a giant spiked club.
The orc hits you but does no damage.
Read which item? (? for menu, Esc to quit)
Okay, then.
The hill giant misses you.
The hill giant hits you with a giant spiked club!!
* * * LOW HITPOINT WARNING * * *
There is a large open door, spattered with blood here.
The hill giant hits you with a giant spiked club!!
You die...
Xom roars with laughter!

#.# #........#
#.#######........# #
#................#####.#
#......................#
#...............)......#
#............>.))).....#
........#####'o#'###...#
.....####..........# ..#
.....#.........C@..# #
.....#...########..#
.... .. #..# #..####
#...†<# #.....# #.....##
#......# #......#


You could see a hill giant and an orc.

Vanquished Creatures
  A hill giant (D:10)
  A troll (D:9)
  6 yaks (D:9)
  A golden eye (D:5)
  5 hungry ghosts
  Menkaure (D:5)
  An orc warrior (D:9)
  3 wargs (D:7)
  A water moccasin (D:10)
  A naga (D:7)
  3 ice beasts
  An ogre (D:10)
  A black bear (D:7)
  2 phantoms
  3 centaurs
  5 giant frogs
  A big kobold (D:8)
  A water moccasin zombie (D:8)
  2 scorpions (D:6)
  4 killer bees (D:8)
  A wasp zombie (D:9)
  A jelly (D:9)
  3 hounds
  4 crimson imps
  A centaur zombie (D:9)
  7 orc priests
  A centaur skeleton (D:4)
  A gnoll shaman (D:4)
  3 giant frog skeletons
  Natasha (thrice) (D:2 D:3)
  8 worker ants
  2 iguanas
  8 orc wizards
  2 hound zombies
  A hound skeleton (D:9)
  12 mummies (Ossuary)
  10 gnolls
  11 adders
  2 shadow imps
  3 oozes
  4 adder zombies
  4 adder skeletons
  4 worms
  3 giant geckos
  36 orcs
  17 bats
  A bat skeleton (D:4)
  A bat zombie (D:8)
  7 giant cockroaches
  14 goblins
  14 hobgoblins
  10 jackals
  3 quokkas
  A ball python (D:2)
  8 giant newts
  4 gnoll skeletons (Ossuary)
  A goblin skeleton (Ossuary)
  A jackal skeleton (D:4)
  25 kobolds
  A kobold skeleton (Ossuary)
  2 orc skeletons (Ossuary)
  A quokka zombie (D:9)
  16 rats
  11 rat skeletons (Ossuary)
317 creatures vanquished.

Vanquished Creatures (collateral kills)
  2 ogres (D:4)
  2 killer bees (D:8)
  An ooze (D:4)
  An orc (D:6)
6 creatures vanquished.

Vanquished Creatures (others)
  A ball lightning (D:9)
1 creature vanquished.

Grand Total: 324 creatures vanquished

Notes
Turn   | Place    | Note
--------------------------------------------------------------
     0 | D:1      | Monkaria the Hill Orc Chaos Knight began the quest for the Orb.
     0 | D:1      | Reached XP level 1. HP: 19/19 MP: 1/1
     6 | D:1      | Noticed a redback
     6 | D:1      | Noticed a wolf
     6 | D:1      | Noticed an anaconda
     7 | D:1      | Noticed a black bear
    66 | D:1      | XOM: divination: detect items
    67 | D:1      | XOM: divination: magic mapping
   166 | D:1      | Reached XP level 2. HP: 27/27 MP: 2/2
   398 | D:1      | Reached skill level 5 in Fighting
   398 | D:1      | Reached XP level 3. HP: 26/36 MP: 3/3
   421 | D:1      | XOM: silly message
   497 | D:1      | XOM: harmless Divn miscast
   652 | D:2      | XOM: mild Divn miscast
   828 | D:2      | Noticed Natasha
   838 | D:2      | Reached skill level 5 in Axes
   843 | D:2      | Killed Natasha
   843 | D:2      | Reached XP level 4. HP: 30/42 MP: 4/4
   865 | D:2      | XOM: scenery: create altars
  1029 | D:2      | XOM: divination: detect items
  1206 | D:2      | XOM: scenery: create altars
  1237 | D:2      | Reached skill level 6 in Axes
  1290 | D:2      | Reached XP level 5. HP: 34/48 MP: 5/5
  1364 | D:3      | XOM: noise
  1626 | D:3      | Found a faded altar to an unknown god.
  1649 | D:3      | XOM: harmless Pois miscast
  1682 | D:3      | Noticed Natasha
  1692 | D:3      | Killed Natasha
  1707 | D:3      | XOM: harmless Summ miscast
  1822 | D:3      | Reached skill level 7 in Axes
  2307 | D:4      | Reached XP level 6. HP: 44/56 MP: 6/6
  2341 | D:4      | Noticed a phantom
  2356 | D:4      | Reached skill level 8 in Axes
  2360 | D:4      | XOM: summons 2 friendly demons
  2376 | D:4      | Killed a phantom
  2616 | D:4      | Noticed an ogre
  2617 | D:4      | Noticed an ogre
  2619 | D:4      | XOM: summons friendly shadow imp
  2627 | D:4      | Killed an ogre
  2627 | D:4      | Reached skill level 9 in Axes
  2631 | D:4      | Killed an ogre
  2631 | D:4      | Reached XP level 7. HP: 27/61 MP: 7/7
  2687 | D:4      | XOM: harmless Conj miscast
  2865 | D:4      | XOM: divination: detect items
  2869 | D:4      | XOM: noise
  2870 | D:4      | XOM: swap monsters
  2878 | D:4      | Reached skill level 10 in Axes
  2986 | D:4      | Found a staircase to the Ecumenical Temple.
  2996 | Temple   | Entered the Ecumenical Temple
  3041 | Temple   | XOM: harmless Tloc miscast
  3305 | D:4      | XOM: divination: detect creatures
  3332 | D:4      | XOM: divination: magic mapping
  3406 | D:4      | XOM: medium Hex miscast
  3505 | D:4      | XOM: silly message
  3580 | D:5      | Entered Level 5 of the Dungeon
  3596 | D:5      | You fall through a shaft!
  3650 | D:6      | XOM: summons 3 friendly demons
  3677 | D:6      | Reached skill level 11 in Axes
  3677 | D:6      | Reached XP level 8. HP: 46/68 MP: 8/8
  3722 | D:6      | XOM: colour smoke trail
  3729 | D:6      | XOM: mild Tloc miscast
  3780 | D:6      | XOM: confuse monster(s)
  3833 | D:6      | XOM: cast spell 'Olgreb's Toxic Radiance'
  3845 | D:6      | Reached skill level 12 in Axes
  3903 | D:6      | Got a steaming trident
  3968 | D:6      | Found Salicuav's General Store.
  3973 | D:6      | Bought a scroll of blinking for 97 gold pieces
  4024 | D:6      | Found a sand-covered staircase.
  4028 | Ossuary  | Entered an ossuary
  4182 | Ossuary  | XOM: divination: detect creatures
  4407 | Ossuary  | XOM: harmless Summ miscast
  4476 | Ossuary  | XOM: potion effect (agility)
  4602 | Ossuary  | XOM: divination: magic mapping
  4926 | D:6      | XOM: silly message
  5015 | D:6      | Reached skill level 13 in Axes
  5075 | D:6      | XOM: silly message
  5305 | D:6      | XOM: harmless Summ miscast
  5551 | D:7      | XOM: potion effect (heal wounds)
  5552 | D:7      | Reached XP level 9. HP: 74/74 MP: 9/9
  5642 | D:7      | Reached skill level 14 in Axes
  5875 | D:7      | Found Ifecvi's Food Boutique.
  5991 | D:7      | XOM: divination: detect items
  6001 | D:7      | XOM: confuse monster(s)
  6019 | D:7      | Reached skill level 15 in Axes
  6024 | D:7      | XOM: enchant monster (bad)
  6031 | D:7      | XOM: potion effect (agility)
  6150 | D:7      | XOM: harmless Divn miscast
  6169 | D:7      | XOM: vitrification
  6209 | D:8      | Found a staircase to the Lair.
  6356 | D:7      | XOM: god gift: brass ring {god gift}
  6369 | D:7      | Identified the +9 trident of Pybeil {venom, rPois Stlth+} (You took it off an orc on level 6 of the Dungeon)
  6411 | D:5      | Noticed Menkaure
  6414 | D:5      | XOM: fake destruction
  6421 | D:5      | Reached skill level 16 in Axes
  6429 | D:5      | Killed Menkaure
  6926 | D:5      | XOM: polymorph kobold -> kobold
  7153 | D:5      | XOM: god gift: vibrating lapis lazuli ring {god gift}
  7154 | D:5      | Got a vibrating lapis lazuli ring {god gift}
  7156 | D:5      | Identified the cursed ring "Pyosugh" {*Corrode rPois Str-4 Dex+9} (Xom gifted it to you on level 5 of the Dungeon)
  7591 | D:2      | XOM: god gift: glowing longbow {god gift}
  7715 | D:3      | Noticed Natasha
  7720 | D:3      | Killed Natasha
  7720 | D:3      | Reached XP level 10. HP: 81/81 MP: 10/10
  7914 | D:7      | XOM: stat loss: -1 Dex (9/10)
  8162 | D:8      | Reached skill level 17 in Axes
  8245 | D:8      | XOM: god gift: 11 steel sling bullets
  8268 | D:8      | XOM: confuse monster(s)
  8276 | D:8      | XOM: enchant monster (good)
  8504 | D:8      | XOM: divination: magic mapping
  8640 | D:8      | Found a glowing golden altar of the Shining One.
  8647 | D:8      | Found a bloodstained altar of Trog.
  8654 | D:8      | Found a burning altar of Makhleb.
  8659 | D:8      | Found a deep blue altar of Sif Muna.
  8670 | D:8      | Found a radiant altar of Vehumet.
  8677 | D:8      | Found a stormy altar of Qazlal.
  8682 | D:8      | Found a blossoming altar of Fedhas.
  8965 | D:8      | XOM: divination: magic mapping
  9038 | D:8      | XOM: scenery: create altars
  9146 | D:9      | XOM: stealth player
  9204 | D:9      | XOM: summons friendly iron imp
  9208 | D:9      | XOM: harmless Hex miscast
  9217 | D:9      | Reached skill level 5 in Armour
  9324 | D:9      | XOM: divination: magic mapping
  9662 | D:9      | XOM: cast spell 'Summon Butterflies'
  9893 | D:9      | XOM: summons friendly iron imp
  9898 | D:9      | XOM: cast spell 'Conjure Ball Lightning'
  9922 | D:9      | XOM: swap monsters
 10228 | D:9      | XOM: scenery: 1 doors close
 10245 | D:10     | Entered Level 10 of the Dungeon
 10436 | D:10     | Noticed a hill giant
 10437 | D:10     | XOM: enchant monster (good)
 10439 | D:10     | XOM: cast spell 'Stoneskin'
 10451 | D:10     | Killed a hill giant
 10451 | D:10     | Reached XP level 11. HP: 74/86 MP: 9/11
 10461 | D:10     | Noticed a hill giant
 10499 | D:10     | XOM: enchant monster (bad)
 10512 | D:10     | Slain by a hill giant

Vault maps used:
D:1:      onia_arrival_zoo_common
D:2:      first_bread, uniq_natasha
D:3:      ecumenical_altar_1
D:4:      temple_doors_e
D:5:      uniq_menkaure
D:6:      serial_shops, nicolae_shop_waterfront,
          nicolae_ossuary_entry_false_entrances
D:7:      serial_shops, nicolae_shop_scaring_up_business
D:8:      grunt_temple_overflow_octagram, erik_lair_orcish_takeover
D:10:     lemuel_castle_with_subvaults, zombieorc1_lemuel
Temple:   triangle_lava_temple_12
Ossuary:  ossuary_due_small_catacomb

Action                   |  1- 3 |  4- 6 |  7- 9 | 10-12 || total
-------------------------+-------+-------+-------+-------++-------
Melee: Hand axe          |   105 |   205 |   633 |       ||   943
       War axe           |       |       |     7 |   337 ||   344
  Use: Scroll            |       |     1 |    11 |     5 ||    17
       Potion            |       |       |       |     2 ||     2
 Stab: Confused          |     1 |     1 |     4 |       ||     6
       Petrifying        |     1 |     1 |     2 |       ||     4
       Paralysed         |       |     1 |    16 |       ||    17
       Distracted        |       |       |     1 |       ||     1
       Petrified         |       |       |     2 |       ||     2
       Sleeping          |       |       |     1 |     2 ||     3
  Eat: Chunk             |       |     6 |    16 |    10 ||    32
       Beef jerky        |       |       |     1 |       ||     1
       Royal jelly       |       |       |     1 |       ||     1
